 Dungeon Crawl Stone Soup version 0.23.1-41-g7e51ed32d8 (webtiles) character file.

Game seed: 9287244635389139404

12049 Marnok the Carver (level 11, -10/84 HPs)
             Began as a Demonspawn Gladiator on Mar 29, 2019.
             Was a High Priest of Wu Jian.
             Killed by divine providence
             ... invoked by a meliai
              (13 damage)
             ... on level 13 of the Dungeon.
             The game lasted 00:43:18 (8795 turns).

Marnok the Carver (Demonspawn Gladiator)            Turns: 8795, Time: 00:43:19

Health: -10/84     AC: 11    Str: 15    XL:     11   Next: 57%
Magic:  11/11      EV: 19    Int: 12    God:    Wu Jian [*****.]
Gold:   540        SH:  6    Dex: 19    Spells: 10/10 levels left

rFire    + . .     SeeInvis .   j - +6 long sword of the Known World {slice, Int+2 Dex+2}
rCold    + . .     Gourm    .   (no shield)
rNeg     . . .     Faith    .   e - +2 troll leather armour {Purgy}
rPois    +         Spirit   .   c - +0 helmet
rElec    .         Reflect  .   a - +2 cloak of Kuguushrek {rF+ MR+}
rCorr    .         Harm     .   (no gloves)
MR       +....                  (no boots)
Stlth    +++++.....             o - amulet of magic regeneration
HPRegen  0.64/turn              i - +3 ring of evasion
MPRegen  0.37/turn              k - ring of poison resistance

@: about to teleport, lightly drained
A: hooves 1, large bone plates 2, cold resistance 1, nightstalker 1
a: Wall Jump, Serpent's Lash, Heavenly Storm, Renounce Religion


You were on level 13 of the Dungeon.
You worshipped Wu Jian.
Wu Jian was extremely pleased with you.
You were not hungry.

You visited 1 branch of the dungeon, and saw 13 of its levels.
You also visited: Sewer and Ossuary.

You collected 540 gold pieces.

Inventory:

Hand Weapons
 g - a +4 scimitar of flaming
 j - the +6 long sword of the Known World (weapon) {slice, Int+2 Dex+2}
   (You found it on level 4 of the Dungeon)

   It inflicts extra damage upon your enemies.
   It affects your intelligence (+2).
   It affects your dexterity (+2).
 u - a +4 dire flail of freezing
 y - a +2 short sword of speed
 S - a +2 flail of crushing
 T - a +0 blowgun
Missiles
 d - 3 throwing nets
 G - 3 tomahawks of returning (quivered)
 V - 8 curare-tipped needles
Armour
 a - the +2 cloak of Kuguushrek (worn) {rF+ MR+}
   (You found it on level 11 of the Dungeon)

   It protects you from fire.
   It affects your resistance to hostile enchantments.
 c - a +0 helmet (worn)
 e - a +2 troll leather armour (worn) {Purgy}
 H - a +1 leather armour of magic resistance
Magical Staves
 p - an uncursed staff of summoning {unknown}
 w - an uncursed staff of conjuration {unknown}
Jewellery
 i - a +3 ring of evasion (left hand)
 k - a ring of poison resistance (right hand)
 o - an amulet of magic regeneration (around neck)
 q - an uncursed ring of protection from magic {unknown}
 x - an uncursed ring of see invisible
 D - an uncursed ring of ice
Wands
 b - a wand of enslavement (16)
 F - a wand of paralysis (2)
 K - a wand of random effects (14)
 M - a wand of iceblast (9)
 N - a wand of digging (4)
Scrolls
 h - a scroll of teleportation
 m - a scroll of fear
 r - 2 scrolls of identify
 A - 4 scrolls of remove curse
 B - 3 scrolls of immolation
 C - 2 scrolls of amnesia
 L - a scroll of enchant weapon
Potions
 l - 5 potions of flight
 s - 7 potions of haste
 v - a potion of might {unknown}
 z - a potion of magic
 P - a potion of lignification {unknown}
Miscellaneous
 n - a box of beasts
Comestibles
 f - 16 rations
 t - 9 chunks of flesh


   Skills:
 + Level 7.5 Fighting
 + Level 12.0 Long Blades
 + Level 1.9 Throwing
 + Level 4.4 Armour
 + Level 6.0 Dodging
 + Level 8.1 Stealth


You had 10 spell levels left.
You didn't know any spells.
Your spell library contained the following spells:

 Spells                   Type           Power        Failure   Level  Hunger
 Confusing Touch          Hex            #.....       38%         1    ##.....
 Flame Tongue             Conj/Fire      #....        38%         1    ##.....
 Throw Flame              Conj/Fire      #.....       52%         2    ###....
 Confuse                  Hex            #.......     77%         3    ####...
 Conjure Flame            Conj/Fire      #.......     77%         3    ####...
 Gell's Gravitas          Tloc           #.........   77%         3    ####...
 Inner Flame              Hex/Fire       #.......     77%         3    ####...
 Petrify                  Tmut/Erth      #.......     99%         4    #####..
 Sticky Flame             Conj/Fire      #.......     99%         4    #####..
 Fireball                 Conj/Fire      #.........   100%        5    ######.
 Metabolic Englaciation   Hex/Ice        #.........   100%        5    ######.
 Yara's Violent Unravell  Hex/Tmut       #.........   100%        5    ######.


Dungeon Overview and Level Annotations

Branches:
Dungeon (13/15)            Temple (0/1) D:6            Lair (0/6) D:8
    Orc: D:9-12      Vaults: D:13-14

Altars:
Ashenzari
Cheibriados
Elyvilon
Fedhas
Hepliaklqana
Kikubaaqudgha
Makhleb
Nemelex Xobeh
Qazlal
Trog
Uskayaw
Vehumet
Wu Jian
Xom
Yredelemnul

Shops:
D:13 *

Annotations:
D:11 NeAGen181's ghost, journeyman HOFi


Innate Abilities, Weirdness & Mutations

You have large cloven feet.
You are mostly covered in large bone plates. (SH +6)
Your flesh is cold resistant. (rC+)
You are slightly more attuned to the shadows.


Message History

The meliai misses you. The meliai completely misses you.
You block the meliai's attack.
The meliai stings you but does no damage.
The meliai hits you with a +0 hand axe!
* * * LOW HITPOINT WARNING * * *
You block the meliai's attack.
As you read the scroll of teleportation, it crumbles to dust.
You feel strangely unstable. The meliai hits you but does no damage.
You block the meliai's attack. The meliai hits you with a +0 hand axe.
* * * LOW HITPOINT WARNING * * *
The meliai closely misses you.
The meliai calls upon its god to heal the meliai.
The meliai is healed somewhat.
The meliai barely misses you. The meliai closely misses you.
The meliai hits you with a +0 hand axe!
* * * LOW HITPOINT WARNING * * *
The meliai misses you.
The meliai invokes the aid of its god against you.
Something smites you!
You die...

##.........#
##..#.......#
#...☼...)..#
#.#.☼.#.#
#..☼....#
##..#..####
##..yy...#
##...##.# ##@##
# #..# ##.## #
#..# #####
##.##
....#######
#.##
..........###.#
.............##
.............#


You could see 2 meliai.

Vanquished Creatures
  Erolcha (D:9)
  Erica (D:8)
  A two-headed ogre (D:9)
  A tengu warrior (D:11)
  Sonja (D:10)
  An ugly thing (D:11)
  Joseph (D:10)
  Maurice (D:8)
  A komodo dragon (D:11)
  A meliai (D:13)
  Prince Ribbit (D:8)
  A hippogriff (D:11)
  A spriggan (D:7)
  A hungry ghost (D:8)
  Menkaure (D:6)
  2 sky beasts
  2 black bears
  An ice beast (D:10)
  6 orc warriors
  2 phantoms
  2 eyes of draining
  8 ogres
  2 crocodiles (D:8)
  4 centaurs
  A big kobold (D:12)
  8 bullfrogs
  An elf zombie (Ossuary)
  A wyvern zombie (D:7)
  3 scorpions
  9 killer bees (D:8)
  6 howler monkeys
  20 wights
  2 centaur zombies (Ossuary)
  A quasit (D:7)
  4 crimson imps
  9 hounds
  2 jellies
  6 orc priests
  4 bullfrog skeletons
  2 centaur skeletons
  3 iguanas
  8 orc wizards
  6 worker ants
  3 big kobold zombies (Ossuary)
  2 hound skeletons (D:6)
  2 mummies (Ossuary)
  A howler monkey skeleton (D:7)
  3 gnolls (D:4)
  11 adders
  4 shadow imps
  2 oozes
  2 adder skeletons
  2 adder zombies
  3 worms
  A dart slug (D:2)
  4 leopard geckos
  41 orcs
  6 bats
  A giant cockroach (D:5)
  3 goblins
  A hobgoblin (D:2)
  2 jackals (D:2)
  3 quokkas
  3 ball pythons
  2 frilled lizards
  2 goblin zombies (Ossuary)
  11 hobgoblin zombies (Ossuary)
  A jackal zombie (D:7)
  11 kobolds
  7 kobold zombies (Ossuary)
  10 orc zombies (Ossuary)
  A quokka skeleton (D:4)
285 creatures vanquished.

Vanquished Creatures (collateral kills)
  Purgy (Sewer)
  2 kobolds (Sewer)
3 creatures vanquished.

Vanquished Creatures (others)
  A quokka (D:8)
  A fungus (D:8)
2 creatures vanquished.

Grand Total: 290 creatures vanquished

Notes
Turn   | Place    | Note
-------+----------+-------------------------------------------
     0 | D:1      | Marnok the Demonspawn Gladiator began the quest for the
                  | Orb.
     0 | D:1      | Reached XP level 1. HP: 16/16 MP: 1/1
    63 | D:2      | Gained mutation: You are slightly more attuned to the
                  | shadows. [demonic ancestry]
    63 | D:2      | Reached XP level 2. HP: 18/22 MP: 2/2
   118 | D:1      | Reached skill level 3 in Long Blades
   385 | D:3      | You fall through a shaft for 2 floors!
   385 | D:5      | Entered Level 5 of the Dungeon
   392 | D:5      | Found a glowing drain.
   407 | Sewer    | Entered a sewer
   451 | Sewer    | Noticed Purgy
   467 | Sewer    | Killed Purgy
   467 | Sewer    | Reached XP level 3. HP: 9/28 MP: 3/3
   467 | Sewer    | Gained mutation: Your flesh is cold resistant. (rC+)
                  | [demonic ancestry]
   467 | Sewer    | Reached XP level 4. HP: 11/34 MP: 4/4
   700 | D:4      | Got a shimmering long sword
   708 | D:4      | Identified the +6 long sword of the Known World {slice,
                  | Int+2 Dex+2} (You found it on level 4 of the Dungeon)
   734 | D:4      | Reached skill level 1 in Stealth
   734 | D:4      | Gained mutation: You are partially covered in large bone
                  | plates. (SH +4) [demonic ancestry]
   734 | D:4      | Reached XP level 5. HP: 39/39 MP: 5/5
   756 | D:4      | Reached skill level 4 in Long Blades
   943 | D:2      | Found a basalt altar of Yredelemnul.
   992 | D:2      | Found an ancient bone altar of Kikubaaqudgha.
  1396 | D:5      | Reached skill level 1 in Armour
  1402 | D:5      | Reached XP level 6. HP: 42/46 MP: 6/6
  1421 | D:5      | Reached skill level 5 in Long Blades
  1454 | D:4      | Found a sparkling altar of Nemelex Xobeh.
  1614 | D:4      | Found an ornate altar of the Wu Jian Council.
  1631 | D:4      | Became a worshipper of the Wu Jian Council
  1678 | D:3      | Found a stormy altar of Qazlal.
  1975 | D:4      | Gained mutation: You have large cloven feet. [demonic
                  | ancestry]
  1975 | D:4      | Reached XP level 7. HP: 51/51 MP: 7/7
  2260 | D:5      | Reached skill level 6 in Long Blades
  2320 | D:5      | Found a snail-covered altar of Cheibriados.
  2376 | D:5      | Reached * piety under Wu Jian
  2547 | D:5      | Reached skill level 7 in Long Blades
  2547 | D:5      | Reached XP level 8. HP: 48/60 MP: 8/8
  3167 | D:6      | Found a sparkling altar of Nemelex Xobeh.
  3194 | D:6      | Reached skill level 8 in Long Blades
  3396 | D:6      | Found a shimmering altar of Xom.
  3416 | D:6      | Noticed Menkaure
  3419 | D:6      | Killed Menkaure
  3481 | D:6      | Found a blossoming altar of Fedhas.
  3500 | D:6      | Reached ** piety under Wu Jian
  3628 | D:6      | Found a staircase to the Ecumenical Temple.
  3779 | D:7      | Gained mutation: You are mostly covered in large bone
                  | plates. (SH +6) [demonic ancestry]
  3779 | D:7      | Reached XP level 9. HP: 65/66 MP: 9/9
  3917 | D:8      | Noticed Maurice
  3942 | D:8      | Killed Maurice
  3957 | D:8      | Reached skill level 9 in Long Blades
  3978 | D:8      | Reached skill level 5 in Fighting
  3978 | D:8      | Reached skill level 5 in Stealth
  4041 | D:8      | Found a sand-covered staircase.
  4045 | Ossuary  | Entered an ossuary
  4139 | Ossuary  | Reached *** piety under Wu Jian
  4280 | D:8      | Found a shattered altar of Ashenzari.
  4281 | D:8      | Found a burning altar of Makhleb.
  4498 | D:7      | Found a radiant altar of Vehumet.
  4721 | D:7      | Reached **** piety under Wu Jian
  4738 | D:7      | Reached XP level 10. HP: 70/74 MP: 10/10
  5109 | D:8      | Noticed Prince Ribbit
  5192 | D:8      | Reached skill level 5 in Dodging
  5195 | D:8      | Reached skill level 10 in Long Blades
  5216 | D:8      | Found a hazy altar of Hepliaklqana.
  5237 | D:8      | Found a white marble altar of Elyvilon.
  5316 | D:8      | Noticed Erica
  5334 | D:8      | Killed Erica
  5637 | D:8      | Killed Prince Ribbit
  5814 | D:8      | Found a staircase to the Lair.
  5991 | D:9      | Noticed Erolcha
  6002 | D:9      | Killed Erolcha
  6047 | D:10     | Entered Level 10 of the Dungeon
  6111 | D:9      | Found a bloodstained altar of Trog.
  6143 | D:9      | Reached skill level 11 in Long Blades
  6207 | D:9      | Noticed a two-headed ogre
  6209 | D:9      | Noticed a +0 hand axe
  6209 | D:9      | Noticed a +0 dagger
  6225 | D:9      | Killed a two-headed ogre
  6225 | D:9      | Reached XP level 11. HP: 37/83 MP: 11/11
  6309 | D:9      | Found a hide-covered altar of Uskayaw.
  6741 | D:11     | Noticed a tengu warrior
  6868 | D:10     | Noticed Sonja
  6875 | D:10     | Killed Sonja
  7076 | D:10     | Noticed Joseph
  7089 | D:10     | Killed Joseph
  7350 | D:11     | Found a large runed translucent door.
  7351 | D:11     | Found a large runed translucent door.
  7353 | D:11     | Noticed NeAGen181's ghost (journeyman HOFi)
  7407 | D:11     | Got a brightly glowing cloak
  7418 | D:11     | Identified the +2 cloak of Kuguushrek {rF+ MR+} (You found
                  | it on level 11 of the Dungeon)
  7629 | D:11     | Killed a tengu warrior
  7883 | D:11     | Noticed a brown ugly thing
  7893 | D:11     | Killed a brown ugly thing
  8648 | D:12     | Reached ***** piety under Wu Jian
  8773 | D:13     | Found Neniuhik's Demolitions Depot.
  8787 | D:13     | Reached skill level 12 in Long Blades
  8794 | D:13     | HP: 2/84 [meliai/+0 hand axe (15)]
  8795 | D:13     | Killed from afar by a meliai

Skill      XL: |  1  2  3  4  5  6  7  8  9 10 11 |
---------------+----------------------------------+-----
Long Blades    | 3 4 5 7 8 9 11 12 | 12.0
Dodging        | 3 4 5 6 |  6.0
Stealth        | 1 3 6 7 8 |  8.1
Armour         | 1 2 3 4 |  4.4
Fighting       | 4 5 6 7 |  7.5
Throwing       | |  1.9

Action                   |  1- 3 |  4- 6 |  7- 9 | 10-12 || total
-------------------------+-------+-------+-------+-------++-------
Melee: Long sword        |    33 |    85 |   302 |   355 ||   775
       Kick              |       |       |   103 |   159 ||   262
Throw: Throwing net      |       |       |     1 |       ||     1
Invok: Lunge             |       |     3 |    38 |    40 ||    81
       Whirlwind         |       |       |    11 |    42 ||    53
Evoke: Box of beasts     |     1 |       |       |       ||     1
  Use: Scroll            |     7 |     4 |     6 |     9 ||    26
       Potion            |     1 |       |     4 |     7 ||    12
 Stab: Sleeping          |     1 |     4 |    35 |    18 ||    58
       Distracted        |       |       |     2 |     1 ||     3
  Eat: Chunk             |       |     4 |     9 |    11 ||    24
       Ration            |       |       |       |     1 ||     1
Armor: Leather armour    |    13 |     1 |       |       ||    14
       Troll leather arm |       |    19 |    30 |    40 ||    89
Dodge: Dodged            |    35 |    58 |   128 |   222 ||   443
Block: Other             |       |    15 |    51 |    84 ||   150
       Rpst.: Long sword |    11 |    21 |    43 |    62 ||   137
